 Dungeon Crawl Stone Soup version 0.23-a0-577-g2b1de94 (webtiles) character file.

123 tilp the Ruffian (level 4, -4/44 HPs)
             Began as a Troll Monk on Dec 14, 2018.
             Slain by an ogre
             ... wielding a +0 giant club
              (18 damage)
             ... on level 2 of the Dungeon.
             The game lasted 00:02:48 (1426 turns).

tilp the Ruffian (Troll Monk)                       Turns: 1426, Time: 00:02:49

Health: -4/44      AC:  5    Str: 20    XL:     4   Next: 79%
Magic:  3/3        EV: 10    Int:  6    God:
Gold:   78         SH:  0    Dex: 12    Spells: 3/3 levels left

rFire    . . .     SeeInvis .     - Unarmed
rCold    . . .     Gourm    +   (no shield)
rNeg     . . .     Faith    .   a - +0 robe
rPois    .         Spirit   .   (helmet restricted)
rElec    .         Reflect  .   (no cloak)
rCorr    .         Harm     .   (gloves unavailable)
MR       .....                  (boots unavailable)
Stlth    ++........             (no amulet)
HPRegen  0.54/turn              (no ring)
MPRegen  0.08/turn              (no ring)

@: no status effects
A: large, unfitting armour, claws 3, fast metabolism 3, gourmand, regeneration
1, shaggy fur 1, tough skin 2
a: no special abilities


You were on level 2 of the Dungeon.
You were completely stuffed.

You visited 1 branch of the dungeon, and saw 2 of its levels.

You collected 78 gold pieces.

Inventory:

Missiles
 k - 21 stones (quivered)
Armour
 a - a +0 robe (worn)
Jewellery
 m - a +4 amulet of reflection {unknown}
Scrolls
 c - a scroll of magic mapping {unknown}
 d - a scroll of teleportation {unknown}
 e - a scroll of identify {unknown}
 i - 2 scrolls of amnesia {unknown}
 j - a scroll of remove curse {unknown}
 o - a scroll of immolation {unknown}
Potions
 f - a potion of magic {unknown}
 g - a potion of agility {unknown}
 h - 2 potions of invisibility {unknown}
 l - a potion of degeneration {unknown}
Comestibles
 b - 7 rations
 n - 5 chunks of flesh


   Skills:
 - Level 2.4 Fighting
 - Level 2.4 Dodging
 - Level 1.0 Stealth
 + Level 5.6 Unarmed Combat


You had 3 spell levels left.
You didn't know any spells.
Your spell library was empty.

Dungeon Overview and Level Annotations

Branches:
Dungeon (2/15)

Altars:


Innate Abilities, Weirdness & Mutations

You are too large for most types of armour.
You have claws for hands.
Your metabolism is lightning-fast.
You like to eat raw meat.
Your natural rate of healing is unusually fast.
You are covered in fur. (AC +1)
You have very tough skin. (AC +2)


Message History

Throwing (i - inventory)
k - 23 stones (quivered)
Press: ? - help, Shift-Dir - straight line, f - ogre
Aim: an ogre, wielding a +0 giant club You throw a stone.
The stone hits the ogre.
The ogre is lightly wounded.
Throwing (i - inventory)
k - 22 stones (quivered)
Press: ? - help, Shift-Dir - straight line, f/p - ogre
Aim: an ogre, wielding a +0 giant club (lightly wounded)
You throw a stone. The stone completely misses the ogre.
You scratch the ogre.
The ogre is lightly wounded.
The ogre barely misses you.
You scratch the ogre.
The ogre is moderately wounded.
The ogre hits you with a +0 giant club!!
Ouch! That really hurt!
You scratch the ogre.
The ogre is moderately wounded.
The ogre hits you with a +0 giant club!!
You die...

#(# #.# #.# #.#
#(# #.# #O# #@#
#.# #.# #.# #.#
#.# #.# #.#
################.#


You could see an ogre.

Vanquished Creatures
  Natasha (D:2)
  A gnoll (D:1)
  5 adders (D:2)
  An ooze (D:2)
  3 dart slugs
  2 giant cockroaches (D:1)
  6 goblins
  4 hobgoblins
  A kobold (D:2)
  A quokka (D:2)
  A ball python (D:2)
  7 bats
  4 frilled lizards
  3 rats
40 creatures vanquished.

Notes
Turn   | Place    | Note
-------+----------+-------------------------------------------
     0 | D:1      | tilp the Troll Monk began the quest for the Orb.
     0 | D:1      | Reached XP level 1. HP: 22/22 MP: 0/0
     3 | D:1      | Noticed an electric eel
     3 | D:1      | Noticed an electric eel
   145 | D:1      | Reached XP level 2. HP: 29/29 MP: 1/1
   294 | D:1      | Reached skill level 4 in Unarmed Combat
   546 | D:1      | Reached XP level 3. HP: 36/36 MP: 2/2
   930 | D:2      | Noticed Natasha
   941 | D:2      | Killed Natasha
   941 | D:2      | Reached skill level 5 in Unarmed Combat
   941 | D:2      | Reached XP level 4. HP: 30/44 MP: 3/3
  1419 | D:2      | Noticed an ogre
  1426 | D:2      | Slain by an ogre

Vault maps used:
D:1:      arrival_aquarium_b
D:2:      first_ration, minivault_23, minmay_hedge_maze, uniq_natasha

Skill      XL: |  1  2  3 |
---------------+----------+-----
Unarmed Combat | 4 5 |  5.6
Fighting       | |  2.4
Dodging        | |  2.4
Stealth        | |  1.0

Action                   |  1- 3 |  4- 6 || total
-------------------------+-------+-------++-------
Melee: Unarmed           |    66 |    49 ||   115
       Punch             |     1 |     1 ||     2
Throw: Stone             |       |     2 ||     2
 Stab: Sleeping          |     1 |       ||     1
  Eat: Chunk             |    10 |     9 ||    19
Armor: Robe              |    23 |    19 ||    42
Dodge: Dodged            |    40 |    28 ||    68

Table legend:
 A = Non-vault XP
 B = Vault XP
 C = Vault XP percentage of total XP
 D = Non-vault monster count
 E = Vault monster count
 F = Vault count percentage of total count
                 A         B        C        D         E       F
            +---------+---------+-------+---------+---------+-------
      Total |     143 |      33 |  18.8 |      39 |       1 |   2.5
            +---------+---------+-------+---------+---------+-------
        D:1 |      46 |       0 |   0.0 |      18 |       0 |   0.0
        D:2 |      97 |      33 |  25.4 |      21 |       1 |   4.5
            +---------+---------+-------+---------+---------+-------
